 Dungeon Crawl Stone Soup version 0.30-a0-883-g5ad918d77d (webtiles) character file.

Game seed: 12463359296045521052

182 trep the Covered (level 5, -16/42 HPs)
             Began as a Human Fighter on Mar 16, 2023.
             Blown up by Ijyb (17 damage)
             ... with a mindburst bolt
             ... on level 3 of the Dungeon.
             The game lasted 00:09:02 (1736 turns).

trep the Covered (Human Fighter)                    Turns: 1736, Time: 00:09:03

Health: -16/42     AC: 13    Str: 16    XL:     5   Next: 93%
Magic:  5/5        EV: 10    Int:  8    God:
Gold:   28         SH: 11    Dex: 27    Spells: 4/4 levels left

rFire   . . .      SeeInvis .    i - +2 short sword (protect)
rCold   + . .      Faith    +    w - +0 kite shield
rNeg    . . .      Spirit   .    n - +1 ring mail {rC+}
rPois   .          Reflect  .    (no helmet)
rElec   .          Rampage  .    (no cloak)
rCorr   .                        (no gloves)
Will    .....                    (no boots)
Stlth   +                        c - amulet of faith
HPRegen 0.27/turn                t - +6 ring of dexterity
MPRegen 0.09/turn                v - +6 ring of dexterity

@: mighty, under a protective aura
A: no striking features
a: no special abilities


You were on level 3 of the Dungeon.
You visited 1 branch of the dungeon, and saw 3 of its levels.

You collected 28 gold pieces.

Inventory:

Hand Weapons
 a - a +0 rapier
 i - a +2 short sword of protection (weapon)
Armour
 n - a +1 ring mail of cold resistance (worn)
 w - a +0 kite shield (worn)
Jewellery
 c - an amulet of faith (around neck)
 t - a +6 ring of dexterity (left hand)
 v - a +6 ring of dexterity (right hand)
 x - a ring of resist corrosion
Scrolls
 b - a scroll of fog {unknown}
 d - a scroll of enchant armour {unknown}
 g - 2 scrolls of noise {unknown}
 h - a scroll of fear {unknown}
 j - a scroll of poison
 k - 2 scrolls of teleportation {unknown}
 l - a scroll of blinking {unknown}
 m - 2 scrolls of identify {unknown}
Potions
 e - a potion of degeneration {unknown}
 f - a potion of cancellation {unknown}
 o - a potion of resistance {unknown}
 p - a potion of lignification {unknown}
 q - a potion of attraction {unknown}
 s - a potion of magic {unknown}
 u - a potion of heal wounds {unknown}


   Skills:
 + Level 4.0 Fighting
 + Level 3.2 Short Blades
 - Level 4.0 Armour
 * Level 2.4 Dodging
 - Level 3.0 Shields


You had 4 spell levels left.
You didn't know any spells.
Your spell library was empty.

Dungeon Overview and Level Annotations

Branches:
Dungeon (3/15)

Altars:
Kikubaaqudgha
Sif Muna

Annotations:
D:3 3 runed translucent doors, AverageBear's ghost, amateur OpFi; Ijyb; Robin


Message History

The goblins go into a battle-frenzy!
The goblin shouts!
You block the goblin's attack.
You hit the goblin but do no damage.
Your weapon exudes an aura of protection.
The goblin hits you but does no damage. Robin throws the goblin at you!
You block the goblin's attack.
You hit the goblin.
You kill the goblin!
The hobgoblin barely misses you. The goblin barely misses you.
You hit Ijyb.
Ijyb is lightly wounded.
You block Ijyb's attack.
The hobgoblin hits you but does no damage.
An endoplasm comes into view.
The hobgoblin hits you but does no damage.
The goblin hits you but does no damage.
You feel very mighty all of a sudden. Ijyb hits you with a +0 club!
The hobgoblin hits you. The hobgoblin closely misses you.
You block the goblin's attack.
You hit Ijyb.
Ijyb is lightly wounded.
Ijyb barely misses you. The hobgoblin barely misses you.
Robin hits you with a +0 mace. You block the hobgoblin's attack.
You block the goblin's attack.
You barely miss Ijyb.
Ijyb is lightly wounded.
Ijyb zaps a wand.
Your mind is blasted!
* * * LOW HITPOINT WARNING * * *
The hobgoblin hits you.
* * * LOW HITPOINT WARNING * * *
The hobgoblin hits you.
* * * LOW HITPOINT WARNING * * *
The goblin hits you with a +0 dagger.
* * * LOW HITPOINT WARNING * * *
Unknown command.
The air fills with toxic fumes!
As you read the scroll labelled OTAOQAS UNIMEY, it crumbles to dust.
It was a scroll of poison.
Ijyb zaps a wand.
Your mind is blasted!
You die...

§§§§§§§§§§###
§§§§§§§§§§§§#
§§§§J§§§§§§§##
§§§§§§§§§§§§§
§§§§§§§§§§§§
§§§§§§§g§§#.#
§§§§§§ggg§#.#
§§§§§§g@#.#.# #...
#.§§§§§##g#.#.# #...#
#.§§§..##§§...# ##...#
#.§....####§..#
.#...###......####§§.#
.#...#.............§§#
...................###.#
........)).............#
.........).........#####


You could see Ijyb (strong), Robin, an endoplasm, 3 hobgoblins and a goblin
(strong).

Vanquished Creatures
  A hound (D:3)
  3 gnolls (D:2)
  5 adders (D:2)
  2 worms (D:2)
  A dart slug (D:1)
  5 orcs (D:3)
  4 endoplasms
  6 goblins
  3 hobgoblins (D:1)
  7 jackals
  6 quokkas
  5 ball pythons
  6 bats
  2 frilled lizards (D:1)
  6 kobolds
  9 rats
71 creatures vanquished.

Notes
Turn   | Place    | Note
-------+----------+-------------------------------------------
     0 | D:1      | trep the Human Fighter began the quest for the Orb.
     0 | D:1      | Reached XP level 1. HP: 18/18 MP: 1/1
    48 | D:1      | Reached XP level 2. HP: 20/24 MP: 2/2
   230 | D:1      | Reached skill level 1 in Dodging
   235 | D:1      | Reached XP level 3. HP: 29/29 MP: 3/3
   681 | D:2      | Reached XP level 4. HP: 34/35 MP: 4/4
  1033 | D:2      | Found a faded altar of an unknown god.
  1102 | D:2      | Reached XP level 5. HP: 35/42 MP: 5/5
  1165 | D:2      | Found an ancient bone altar of Kikubaaqudgha.
  1443 | D:3      | Found a runed translucent gate.
  1444 | D:3      | Found a runed translucent gate.
  1465 | D:3      | Found a runed translucent gate.
  1466 | D:3      | Noticed AverageBear's ghost (amateur OpFi)
  1566 | D:3      | Found a shimmering blue altar of Sif Muna.
  1727 | D:3      | Noticed Robin
  1727 | D:3      | Noticed Ijyb
  1735 | D:3      | HP: 1/42 [goblin/+0 dagger (2)]
  1736 | D:3      | Blown up by Ijyb

Illustrated notes

Levels and vault maps discovered:
D:1:      scummos_arrival_simple_crosswalls, layout_rooms, serial_rivers,
          chequers_serial_rivers_small_b, chequers_serial_rivers_marsh,
          chequers_serial_rivers_micro_a, chequers_serial_rivers_room_a,
          chequers_serial_rivers_micro_c, chequers_serial_rivers_micro_c
D:2:      layout_rooms, chequers_ecumenical_altar_island, basic_altar,
          serial_park_tiny_2, chequers_serial_rivers_large_b
D:3:      layout_basic, nemelex_spade_bored_becter,
          nicolae_overflow_crystal_walls, gammafunk_ghost_necromancy,
          minmay_misc_feat_hallway, nicolae_goblin_pals

Skill      XL: |  1  2  3  4  5 |
---------------+----------------+-----
Dodging        | 1 2 |  2.4
Short Blades   | 3 |  3.2
Armour         | 4 |  4.0
Fighting       | 4 |  4.0
Shields        | |  3.0

Action                     |  1- 3 |  4- 6 || total
---------------------------+-------+-------++-------
  Melee: Rapier            |    32 |       ||    32
         Short sword       |   100 |   168 ||   268
    Use: Potion            |       |     2 ||     2
         Scroll            |       |     1 ||     1
 Armour: Scale mail        |    45 |       ||    45
         Ring mail         |    17 |    74 ||    91
  Dodge: Dodged            |    57 |    93 ||   150
  Block: Buckler           |    35 |    24 ||    59
         Kite shield       |       |    37 ||    37

Table legend: (Time is in decaauts)
 A = Elapsed time spent in this place.
 B = Non-inter-level travel time spent in this place.
 C = Inter-level travel time spent in this place.
 D = Time resting spent in this place.
 E = Time spent auto-exploring this place.
 F = Levels seen in this place.
 G = Mean time per level.
                   A        B        C        D        E       F      G
               +--------+--------+--------+--------+--------+-----+--------+
         Total |   1752 |   1732 |     20 |    131 |    955 |   3 |  584.0 |
       Dungeon |   1752 |   1732 |     20 |    131 |    955 |   3 |  584.0 |
               +--------+--------+--------+--------+--------+-----+--------+

Top non-repeatable levels by time:
     D:2: 823 daAuts
     D:1: 592 daAuts
     D:3: 337 daAuts
